Map: Dusk Towers

Players

Pokebunny - Winner!

  • Race: Terran Terran
  • League: Grandmaster

llllllllllll

  • Race: Zerg Zerg
  • League: Master

VOD

Have the link to the VOD?

Description

Time

  • Played on: April 5, 2016, 7:37 p.m.
  • Length: 8:50
Show
View Real Time Build Order
Export as new Build Order

Pokebunny Terran - Winner!

Build Orders: Liberator Opening, Reaper Expand, MMM Bio 

Get SALT Encoding   

  12  0:01  SCV  
  13  0:13  SCV  
  14  0:17  Supply Depot  
  14  0:25  SCV  
  15  0:39  SCV  
  15  0:41  Barracks  
  16  0:46  Refinery  
  16  0:51  SCV  
  17  1:03  SCV  
  18  1:15  SCV  
  19  1:29  Reaper, Orbital Command  
  20  1:39  Command Center  
  20  1:54  SCV  
  20  1:56  Supply Depot  
  21  2:01  Marine  
  21  2:06  SCV  
  23  2:19  Factory  
  23  2:20  SCV  
  24  2:22  Refinery  
  24  2:24  Barracks Reactor  
  24  2:32  SCV  
  25  2:44  SCV  
  26  2:52  Orbital Command  
  26  2:59  SCV  
  26  3:00  Command Center  
  27  3:09  Starport  
  27  3:10  Hellion  
  29  3:14  Hellion  
  29  3:18  Barracks Tech Lab  
  29  3:19  SCV  
  32  3:22  SCV  
  33  3:28  Liberator  
  33  3:33  Hellion  
  35  3:35  Hellion, Supply Depot  
  35  3:40  SCV x2  
  42  3:49  Stimpack  
  42  3:54  Supply Depot  
  42  3:55  SCV  
  43  3:58  SCV  
  43  4:00  Marine  
  45  4:10  Barracks  
  45  4:13  Barracks, Factory Reactor  
  45  4:18  SCV x2  
  45  4:21  Orbital Command  
  47  4:29  Marine  
  47  4:30  Starport Reactor  
  48  4:35  Refinery  
  48  4:36  Refinery, SCV x2  
  50  4:44  Engineering Bay  
  50  4:45  Engineering Bay  
  50  4:48  SCV  
  50  4:49  SCV x2  
  53  5:03  Barracks  
  53  5:06  Barracks  
  53  5:07  Marine x3  
  53  5:08  Factory Tech Lab, Marine x2  
  53  5:12  SCV  
  59  5:18  SCV x2  
  59  5:19  Terran Infantry Armor Level 1  
  59  5:20  Terran Infantry Weapons Level 1  
  58  5:24  Medivac  
  58  5:27  Medivac  
  62  5:31  SCV x2  
  65  5:35  Siege Tank, Orbital Command  
  65  5:45  Marine, Supply Depot  
  65  5:46  Marine x4  
  70  5:50  SCV x2  
  70  5:54  Barracks Reactor x2  
  72  5:59  Combat Shields  
  72  6:03  SCV x3  
  75  6:07  Siege Tank  
  75  6:10  Marine x3  
  75  6:11  Marine x2  
  83  6:14  Supply Depot  
  83  6:16  Supply Depot  
  83  6:18  SCV x2  
  85  6:24  Armory  
  85  6:27  Supply Depot  
  85  6:36  SCV  
  86  6:42  Marine x2  
  86  6:43  Siege Tank, Marine x5  
  86  6:44  Marine  
  86  6:45  Marine, Medivac  
  100  6:48  Medivac  
  100  6:53  Supply Depot x2  
  102  6:55  Supply Depot  
  102  6:56  SCV x2  
  102  6:57  SCV  
  105  7:02  Supply Depot  
  105  7:11  Marine  
  105  7:12  Marine x3  
  105  7:14  Marine x5  
  114  7:27  Medivac x2  
  114  7:28  Siege Tank  
  121  7:31  Supply Depot  
  121  7:32  Supply Depot  
  121  7:41  Supply Depot  
  119  7:49  SCV x2  
  121  7:57  Marine  
  121  7:58  Marine x8  
  122  8:00  Siege Tank  
  123  8:09  Medivac x2  
  111  8:30  Marine  
  111  8:31  Marine x2  
  113  8:36  Barracks  
  113  8:37  Barracks x2  
  113  8:38  Refinery  
  113  8:41  Command Center  
Show
View Real Time Build Order
Export as new Build Order

llllllllllll Zerg 

Build Orders: Hatch First, Muta Ling Bane 

Get SALT Encoding   

  12  0:01  Drone  
  13  0:08  Drone  
  14  0:21  Extractor  
  13  0:23  Extractor  
  13  0:24  Drone x2  
  16  0:42  Hatchery  
  16  0:49  Overlord  
  15  1:04  Spawning Pool  
  15  1:08  Drone  
  15  1:11  Drone  
  15  1:15  Drone  
  17  1:19  Drone  
  17  1:20  Extractor  
  17  1:30  Drone  
  18  1:41  Drone  
  19  1:51  Drone  
  20  1:54  Queen, Drone  
  20  1:55  Queen  
  25  2:02  Drone  
  25  2:05  Overlord  
  26  2:14  Drone  
  27  2:16  Drone  
  27  2:20  Metabolic Boost  
  28  2:34  Spore Crawler  
  28  2:35  Queen  
  29  2:41  Queen  
  29  2:43  Drone  
  33  2:45  Drone x2  
  33  2:47  Drone  
  36  2:53  Overlord  
  36  3:10  Hatchery  
  35  3:15  Drone x4  
  35  3:17  Drone  
  40  3:21  Pneumatized Carapace  
  40  3:26  Extractor  
  39  3:32  Drone, Roach Warren  
  39  3:33  Drone  
  40  3:39  Drone x2  
  42  3:45  Lair  
  42  3:48  Drone x2  
  44  4:06  Overlord  
  44  4:07  Overlord  
  44  4:08  Overlord  
  44  4:23  Queen  
  44  4:24  Drone x5  
  48  4:25  Roach x2, Drone  
  48  4:26  Roach  
  48  4:27  Roach  
  60  4:43  Roach x2  
  60  4:45  Drone x5  
  69  4:48  Extractor  
  69  4:50  Extractor  
  69  4:51  Drone, Spire  
  67  5:01  Spore Crawler  
  67  5:04  Drone x7  
  73  5:09  Overlord  
  73  5:21  Drone  
  74  5:25  Evolution Chamber  
  74  5:26  Evolution Chamber  
  72  5:33  Drone x3  
  72  5:34  Drone  
  76  5:38  Baneling Nest  
  76  5:39  Drone x4  
  76  5:40  Extractor  
  76  5:42  Extractor  
  77  5:52  Zergling x10  
  77  5:54  Overlord  
  82  6:00  Overlord x2  
  82  6:01  Overlord x2  
  82  6:08  Zerg Ground Armor Level 1  
  82  6:09  Zerg Melee Weapons Level 1  
  82  6:12  Drone, Zerg Flyer Armor Level 1  
  82  6:13  Drone x6  
  82  6:14  Drone  
  90  6:25  Centrifical Hooks  
  90  6:27  Drone  
  90  6:28  Drone  
  90  6:29  Zergling x6  
  90  6:30  Zergling x10  
  90  6:32  Baneling x3  
  100  6:33  Baneling x2  
  99  6:43  Overlord x2  
  99  6:44  Mutalisk x2  
  103  6:50  Mutalisk x2  
  103  6:51  Mutalisk  
  109  7:10  Hatchery  
  109  7:12  Hatchery  
  106  7:20  Zergling x2  
  106  7:21  Zergling x22  
  118  7:24  Baneling x7  
  118  7:29  Mutalisk x2  
  122  7:39  Spore Crawler  
  121  7:45  Spine Crawler  
  121  7:46  Drone, Mutalisk x2  
  121  7:47  Mutalisk x2  
  121  7:48  Mutalisk x2  
  133  7:51  Zergling x6  
  133  7:52  Zergling x2  
  133  7:54  Baneling  
  133  7:55  Baneling  
  133  7:56  Baneling  
  133  7:57  Baneling x4  
  117  8:10  Zergling x18  
  119  8:13  Baneling  
  119  8:16  Zergling x2  
  119  8:17  Zergling x8  
  114  8:29  Zergling x14  
Tags
 
Add a new tag
Caveats
  • Supply blocks, unpowered buildings, or Contaminate may cause inaccurate times.
  • Supply counts are checked every 10 seconds.